 Dungeon Crawl Stone Soup version 0.21-a0-582-g1b93aee (webtiles) character file.

106 Amnesiac the Shield-Bearer (level 5, 0/36 HPs)
             Began as a Halfling Fighter on Dec 19, 2017.
             Slain by Natasha (8 damage)
             ... on level 1 of the Dungeon.
             The game lasted 00:02:20 (1327 turns).

Amnesiac the Shield-Bearer (Halfling Fighter)       Turns: 1327, Time: 00:02:21

Health: 0/36       AC:  9    Str: 18    XL:     5   Next: 10%
Magic:  5/5        EV: 11    Int:  6    God:
Gold:   91         SH: 10    Dex: 14    Spells: 4/4 levels left

rFire    . . .     SeeInvis .   o - +1 short sword (flame)
rCold    . . .     Gourm    .   c - +0 shield
rNeg     . . .     Faith    .   b - +0 scale mail
rPois    .         Spirit   .   a - +1 helmet
rElec    .         Reflect  .   (no cloak)
rCorr    .         Harm     .   (no gloves)
MR       .....                  (no boots)
Stlth    +.........             (no amulet)
HPRegen  0.12/turn              h - ring of stealth
MPRegen  0.09/turn              (no ring)

@: slowed, very slow
A: small, mutation resistance 1
a: no special abilities


You were on level 1 of the Dungeon.
You were hungry.

You visited 1 branch of the dungeon, and saw 2 of its levels.

You collected 91 gold pieces.

Inventory:

Hand Weapons
 o - a +1 short sword of flaming (weapon)
Missiles
 e - 57 stones (quivered)
Armour
 a - a +1 helmet (worn)
 b - a +0 scale mail (worn)
 c - a +0 shield (worn)
Jewellery
 h - a ring of stealth (left hand)
Scrolls
 j - a scroll of amnesia {!r, unknown}
 k - 2 scrolls of teleportation {!r, unknown}
 l - a scroll of immolation {!r, unknown}
 m - a scroll of noise {!r, unknown}
 p - a scroll of remove curse {!r, unknown}
Potions
 d - a potion of might {!q}
 g - 2 potions of curing {!q, unknown}
 i - a potion of degeneration {!q, unknown}
 q - a potion of mutation {!q, unknown}
Comestibles
 f - 3 rations
 n - 6 chunks of flesh


   Skills:
 + Level 3.0 Fighting
 - Level 2.4 Short Blades
 + Level 3.7 Armour
 + Level 3.6 Dodging
 + Level 3.7 Shields


You had 4 spell levels left.
You didn't know any spells.

Dungeon Overview and Level Annotations

Branches:
Dungeon (2/15)

Altars:

Annotations:
D:1 Natasha


Innate Abilities, Weirdness & Mutations

You are small and have problems with some larger weapons.
You are somewhat resistant to further mutation.


Message History

You miss something. Something hits you but does no damage.
You hit something but do no damage. Something hits you.
You barely miss something. Something hits you but does no damage.
You hit something but do no damage. Something hits you.
You hit something but do no damage. Something hits you but does no damage.
You hit something but do no damage. Something hits you but does no damage.
You closely miss something. Something hits you but does no damage.
You hit something. You burn something. You block something's attack.
You closely miss something. Something hits you.
* * * LOW HITPOINT WARNING * * *
Your shield prevents you from hitting something.
Something hits you but does no damage.
You barely miss something. Something hits you but does no damage.
You closely miss something. Something hits you.
* * * LOW HITPOINT WARNING * * *
You miss something. Something hits you but does no damage.
You miss something. Something hits you but does no damage.
You closely miss something. Something hits you but does no damage.
Natasha hisses angrily.
You hit something but do no damage. Something hits you but does no damage.
Natasha stares at you and mumbles some strange words.
You feel yourself slow down.
You hit something but do no damage. Something hits you but does no damage.
You hit something but do no damage. Something hits you.
* * * LOW HITPOINT WARNING * * *
Natasha stares at you and mumbles some strange words.
You feel as though you will be slow longer.
You block something's attack.
A rat comes into view.
You closely miss something. Something hits you but does no damage.
A hobgoblin appears from thin air!
Reactivating autopickup.
Natasha stares at you and mumbles some strange words.
The magic dart hits you! You block the hobgoblin's attack. x2
The kobold shouts!
You block the hobgoblin's attack. You block Natasha's attack.
Things that are here:
a stone; a bat skeleton
Things that are here:
a club; a frilled lizard corpse Natasha closely misses you.
There is a stone staircase leading up here.
You block Natasha's attack.
Natasha mumbles some strange words.
Natasha's front paws start to glow.
Natasha casts a spell at you. The magic dart hits you!
* * * LOW HITPOINT WARNING * * *
You climb upwards.
There is a stone staircase leading down here.
You hit Natasha. You burn Natasha.
Natasha is lightly wounded.
Natasha casts a spell.
Some of the chunks of flesh in your inventory have rotted away.
You closely miss Natasha.
Natasha is lightly wounded.
Natasha claws you.
* * * LOW HITPOINT WARNING * * *
Natasha casts a spell at you. You resist with some effort.
You barely miss Natasha.
Natasha is lightly wounded.
Natasha claws you!
You die...

###......[.....#.#...##.##.##.#.#
.##.........#..#.#...##.##.##...#
..#.........#........##.##.######
#...#.......#........##.##.......
#####.......#...^....##.##..)....
# #########........##.###...... #
#........##.# #...... ###
#.5h.....##.# #...... ..#
#...@....'..# ####... ..#
#........#### #... ..# #.########
####... ..###########.# #......
..............# #.>....
..###########.# #...... ### #.#
####... # #.# #... # #.# ####...


You could see Natasha and a shadow imp.

Vanquished Creatures
  Natasha (D:2)
  A hound skeleton (D:2)
  Robin (D:2)
  2 dart slugs (D:1)
  A leopard gecko (D:1)
  5 bats
  2 giant cockroaches (D:2)
  14 goblins
  7 hobgoblins
  4 jackals (D:1)
  5 kobolds
  3 frilled lizards
  A rat (D:2)
47 creatures vanquished.

Notes
Turn   | Place    | Note
-------+----------+-------------------------------------------
     0 | D:1      | Amnesiac the Halfling Fighter began the quest for the Orb.
     0 | D:1      | Reached XP level 1. HP: 15/15 MP: 1/1
    54 | D:1      | Reached skill level 1 in Dodging
   216 | D:1      | Reached XP level 2. HP: 20/20 MP: 2/2
   401 | D:1      | Reached XP level 3. HP: 23/25 MP: 3/3
   943 | D:2      | Noticed Natasha
  1111 | D:2      | Killed Natasha
  1111 | D:2      | Reached XP level 4. HP: 28/30 MP: 4/4
  1131 | D:2      | Noticed Robin
  1199 | D:2      | Killed Robin
  1213 | D:2      | Noticed Natasha
  1253 | D:2      | Reached XP level 5. HP: 26/36 MP: 5/5
  1327 | D:1      | Slain by Natasha

Vault maps used:
D:1:      minmay_arrival_hallway, grunt_decor_arrowhead
D:2:      minmay_tetromino_t4, uniq_natasha, uniq_robin

Skill      XL: |  1  2  3  4 |
---------------+-------------+-----
Dodging        | 1 2 3 |  3.6
Fighting       | 3 |  3.0
Short Blades   | |  2.4
Armour         | |  3.7
Shields        | |  3.7

Action                   |  1- 3 |  4- 6 || total
-------------------------+-------+-------++-------
Melee: Rapier            |    84 |       ||    84
       Short sword       |    15 |    84 ||    99
Throw: Stone             |    50 |     9 ||    59
  Eat: Chunk             |     1 |       ||     1
Armor: Scale mail        |    29 |    27 ||    56
Dodge: Dodged            |    41 |    25 ||    66
Block: Shield            |    52 |    29 ||    81

Table legend:
 A = Spawn XP
 B = Non-spawn XP
 C = Spawn XP percentage of total XP
 D = Spawn monster count
 E = Non-spawn monster count
 F = Spawn count percentage of total count
 G = Total turns spent on level
                    A         B        C        D         E        F      G
               +---------+---------+-------+---------+---------+-------+---------
         Total |       0 |     152 |   0.0 |       0 |      47 |   0.0 |  1327
               +---------+---------+-------+---------+---------+-------+---------
           D:1 |       0 |      38 |   0.0 |       0 |      18 |   0.0 |  1019
           D:2 |       0 |     114 |   0.0 |       0 |      29 |   0.0 |   308
               +---------+---------+-------+---------+---------+-------+---------
